 Dungeon Crawl Stone Soup version 0.23-a0-650-ga4d50d4 (webtiles) character file.

49 Borgoz the Cudgeler (level 3, -1/22 HPs)
             Began as a Gargoyle Gladiator on Jan 4, 2019.
             Killed from afar by an orc wizard (6 damage)
             ... with a magic dart
             ... on level 2 of the Dungeon.
             The game lasted 00:01:14 (893 turns).

Borgoz the Cudgeler (Gargoyle Gladiator)             Turns: 893, Time: 00:01:15

Health: -1/22      AC: 10    Str: 17    XL:     3   Next: 75%
Magic:  3/3        EV: 10    Int:  8    God:
Gold:   64         SH:  0    Dex: 12    Spells: 2/2 levels left

rFire    . . .     SeeInvis .   a - +0 flail
rCold    . . .     Gourm    .   (no shield)
rNeg     + . .     Faith    .   n - +0 scale mail (curse)
rPois    ∞         Spirit   .   c - +0 helmet
rElec    +         Reflect  .   (no cloak)
rCorr    .         Harm     .   (no gloves)
MR       .....                  (no boots)
Stlth    ..........             (no amulet)
HPRegen  0.07/turn              (no ring)
MPRegen  0.08/turn              (no ring)

@: very slightly contaminated, invisible
A: negative energy resistance 1, electricity resistance, unbreathing,
petrification resistance, rot immunity, AC +3
a: no special abilities


You were on level 2 of the Dungeon.
You were not hungry.

You visited 1 branch of the dungeon, and saw 2 of its levels.

You collected 64 gold pieces.

Inventory:

Hand Weapons
 a - a +0 flail (weapon)
Missiles
 d - 3 throwing nets (quivered)
Armour
 c - a +0 helmet (worn)
 n - a cursed +0 scale mail (worn)
Scrolls
 g - a scroll of immolation {unknown}
 i - 3 scrolls of identify {unknown}
 l - a scroll of remove curse {unknown}
 m - a scroll of magic mapping {unknown}
Potions
 h - 2 potions of curing {unknown}
 j - a potion of flight {unknown}
 k - a potion of lignification {unknown}
Comestibles
 b - a chunk of flesh
 f - a ration


   Skills:
 + Level 2.9 Fighting
 + Level 3.4 Maces & Flails
 - Level 1.7 Throwing
 + Level 1.4 Armour
 + Level 2.8 Dodging


You had 2 spell levels left.
You didn't know any spells.
Your spell library was empty.

Dungeon Overview and Level Annotations

Branches:
Dungeon (2/15)

Altars:
Kikubaaqudgha


Innate Abilities, Weirdness & Mutations

You are resistant to torment.
Your stone body is resilient. (AC +3)
You are immune to poison.
You resist negative energy. (rN+)
You are resistant to electric shocks. (rElec)
You can survive without breathing.
You are immune to petrification.
You are immune to rotting.


Message History

The orc wizard casts a spell.
The orc wizard blinks!
The orc priest hits you but does no damage.
The orc hits you but does no damage.
The orc wizard hits you but does no damage.
The orc hits you with a +0 short sword.
* * * LOW HITPOINT WARNING * * *
The orc priest hits you but does no damage.
It was a potion of invisibility.
You fade into invisibility!
The orc wizard hits you but does no damage.
The orc priest hits you but does no damage.
The orc closely misses you.
You are very lightly contaminated with residual magic.
Okay, then.
You sock the orc priest!
The orc priest is heavily wounded.
The orc wizard casts a spell at you. The magic dart hits you!
You die...

##......###.###.####
##...........#
#.....
#.......⌠.†..#
#.####
#..≈≈≈....#...##)#
#..≈≈≈≈..##....#.#
#..≈≈≈≈..##......#
#..≈≈≈≈≈..#..#...#
#...o≈..≈.#..#...#
#.⌠o@!.._.#......#
#..o##....#.##..##
#.....# ######
#####. # # ..#####
....... #..#####
#....... ##.#####


You could see an orc priest, an orc wizard and an orc.

Vanquished Creatures
  2 adders (D:2)
  A worm (D:2)
  2 dart slugs (D:1)
  A leopard gecko (D:1)
  A giant cockroach (D:2)
  3 goblins (D:1)
  2 hobgoblins (D:1)
  3 kobolds (D:1)
  3 bats
  A frilled lizard (D:2)
  5 rats
24 creatures vanquished.

Notes
Turn   | Place    | Note
-------+----------+-------------------------------------------
     0 | D:1      | Borgoz the Gargoyle Gladiator began the quest for the Orb.
     0 | D:1      | Reached XP level 1. HP: 12/12 MP: 1/1
   176 | D:1      | Reached XP level 2. HP: 18/18 MP: 2/2
   307 | D:1      | Reached skill level 1 in Armour
   783 | D:2      | Reached XP level 3. HP: 22/22 MP: 3/3
   870 | D:2      | Found an ancient bone altar of Kikubaaqudgha.
   893 | D:2      | Killed from afar by an orc wizard

Vault maps used:
D:1:      minmay_arrival_jagged, minmay_crystal_water, hangedman_decor_points
D:2:      yredelemnul_forgotten_temple_becter, kiku_gazebo_pond_becter,
          minivault_14, uniq_terence

Skill      XL: |  1  2 |
---------------+-------+-----
Armour         | 1 |  1.4
Fighting       | |  2.9
Maces & Flails | |  3.4
Throwing       | |  1.7
Dodging        | |  2.8

Action                   || total
-------------------------++-------
Melee: Flail             ||    69
  Use: Potion            ||     1
 Stab: Sleeping          ||     1
Armor: Leather armour    ||     5
       Scale mail        ||    22
Dodge: Dodged            ||    43

Table legend:
 A = Non-vault XP
 B = Vault XP
 C = Vault XP percentage of total XP
 D = Non-vault monster count
 E = Vault monster count
 F = Vault count percentage of total count
                 A         B        C        D         E       F
            +---------+---------+-------+---------+---------+-------
      Total |      70 |       0 |   0.0 |      24 |       0 |   0.0
            +---------+---------+-------+---------+---------+-------
        D:1 |      32 |       0 |   0.0 |      16 |       0 |   0.0
        D:2 |      38 |       0 |   0.0 |       8 |       0 |   0.0
            +---------+---------+-------+---------+---------+-------
